 Dungeon Crawl Stone Soup version 0.17-a0-288-gaf424a4 (webtiles) character file.

18 Ryushun the Grave Robber (level 2, 0/20 HPs)
             Began as a Human Necromancer on Mar 30, 2015.
             Slain by a giant gecko (3 damage)
             ... on level 1 of the Dungeon.
             The game lasted 00:06:21 (1212 turns).

Ryushun the Grave Robber (Human Necromancer)        Turns: 1212, Time: 00:06:21

Health: 0/20       AC:  2    Str:  8    XL:     2   Next: 85%
Magic:  0/3        EV: 12    Int: 15    God:
Gold:   39         SH:  0    Dex: 13    Spells: 2 memorised, 3 levels left

rFire  . . .     SeeInvis .     j - +0 club
rCold  . . .     Clarity  .     a - +0 robe
rNeg   . . .     SustAb   .     (no shield)
rPois  .         Gourm    .     (no helmet)
rElec  .         Spirit   .     (no cloak)
rCorr  .         Warding  .     (no gloves)
rMut   .         Stasis   .     (no boots)
MR     .....                    (no amulet)
Stlth  ++........               (no ring)
                                (no ring)

@: very slightly contaminated, not resistant to hostile enchantments, unstealthy
A: no striking features
a: no special abilities


You were on level 1 of the Dungeon.
You were not hungry.

You visited 1 branch of the dungeon, and saw 1 of its levels.

You collected 39 gold pieces.

Inventory:

Hand weapons
 j - a +0 club (weapon)
 m - a +0 hand axe
Missiles
 d - 59 stones (quivered)
 i - 16 arrows
Armour
 a - a +0 robe (worn)
 e - a +0 robe
 g - a cursed +0 leather armour
Jewellery
 h - an uncursed ring of teleport control {unknown}
Scrolls
 l - a scroll of remove curse {unknown}
 n - a scroll of identify {unknown}
Books
 b - a book of Necromancy

   Spells                             Type                      Level
   a - Pain                           Necromancy                   1
   b - Animate Skeleton               Necromancy                   1
   c - Vampiric Draining              Necromancy                   3
   d - Regeneration                   Charms/Necromancy            3
   e - Animate Dead                   Necromancy                   4
   f - Control Undead                 Necromancy                   4
Comestibles
 c - a bread ration


   Skills:
 * Level 0.8 Fighting
 + Level 2.1 Dodging
 + Level 2.0 Stealth
 + Level 2.1 Spellcasting
 + Level 4.3 Necromancy


You had 3 spell levels left.
You knew the following spells:

 Your Spells              Type           Power        Failure   Level  Hunger
a - Pain                  Necr           ##..         4%          1    #......
b - Animate Skeleton      Necr           N/A          4%          1    #......


Dungeon Overview and Level Annotations

Branches:
Dungeon (1/15)

Altars:


Message History

The giant gecko barely resists.
The giant gecko misses you. The giant gecko closely misses you.
You hit the giant gecko.
The giant gecko is severely wounded.
The giant gecko barely misses you.
You closely miss the giant gecko.
The giant gecko is moderately wounded.
The giant gecko misses you. The giant gecko barely misses you.
You hit the giant gecko but do no damage.
The giant gecko is moderately wounded.
The giant gecko bites you.
* * * LOW HITPOINT WARNING * * *
You closely miss the giant gecko.
The giant gecko is moderately wounded.
The giant gecko misses you. The giant gecko bites you.
* * * LOW HITPOINT WARNING * * *
You barely miss the giant gecko.
The giant gecko is moderately wounded.
The giant gecko bites you.
You die...

#.#.# ...
#..#...#..# ..#.#
####..######...####
###.#
#...l..##..#...#..#
#.#
#.##.%.##..'...'..#
#.# #.#
...##..#...#..# #.#
#.# ....####...####
#.# #.#
#..##..#...#..#
#.###..##≈.'...'..#
#....
#.#@l..##..#...#..#
.....
#.#.##.######'#####
#.... #.#.# .#
#.#.# #.#.# .#
#...# #.#.##.#
###.# #....#.#
#.#### #......#
#..... ##...###
###### ## ##.## #


You could see a giant gecko.

Vanquished Creatures
  A ball python (D:1)
  2 giant cockroaches (D:1)
  3 hobgoblins (D:1)
  3 jackals (D:1)
  A kobold (D:1)
  2 bats (D:1)
  A giant newt (D:1)
  A goblin (D:1)
  7 fungi (D:1)
21 creatures vanquished.

Vanquished Creatures (collateral kills)
  A hobgoblin (D:1)
1 creature vanquished.

Vanquished Creatures (others)
  A giant newt skeleton (D:1)
  A goblin skeleton (D:1)
  A jackal skeleton (D:1)
  A kobold skeleton (D:1)
4 creatures vanquished.

Grand Total: 26 creatures vanquished

Notes
Turn   | Place    | Note
--------------------------------------------------------------
     0 | D:1      | Ryushun, the Human Necromancer, began the quest for the Orb.
     0 | D:1      | Reached XP level 1. HP: 13/13 MP: 2/2
    10 | D:1      | Learned a level 1 spell: Animate Skeleton
   553 | D:1      | Reached XP level 2. HP: 8/20 MP: 1/3
  1212 | D:1      | Slain by a giant gecko

Action                   || total
-------------------------++-------
Melee: Unarmed           ||   285
       Club              ||    43
 Cast: Pain              ||    10
       Animate Skeleton  ||     4
  Use: Potion            ||     2
       Scroll            ||     2
  Eat: Chunk             ||     2
